 Dungeon Crawl Stone Soup version 0.30-a0-305-g026cb31310 (webtiles) character file.

Game seed: 5923238794561780719

258 Lobster4 the Vexing (level 6, -1/46 HPs)
             Began as a Human Wanderer on Oct 22, 2022.
             Slain by a lemure (5 damage)
             ... led by Pikel
             ... on level 4 of the Dungeon.
             The game lasted 00:10:23 (3592 turns).

Lobster4 the Vexing (Human Wanderer)                Turns: 3592, Time: 00:10:23

Health: -1/46      AC:  3    Str: 12    XL:     6   Next: 40%
Magic:  9/11       EV: 11    Int: 16    God:
Gold:   152        SH:  0    Dex: 11    Spells: 11/12 levels left

rFire   . . .      SeeInvis .    a - +4 dagger (flame)
rCold   + . .      Faith    .    (no shield)
rNeg    . . .      Spirit   .    c - +0 robe
rPois   .          Reflect  .    (no helmet)
rElec   .          Harm     .    (no cloak)
rCorr   .          Rampage  .    (no gloves)
Will    .....                    d - +0 pair of boots
Stlth   +.........               (no amulet)
HPRegen 0.27/turn                i - ring of protection from cold
MPRegen 0.12/turn                (no ring)

@: flying
A: no striking features
a: no special abilities


You were on level 4 of the Dungeon.
You visited 1 branch of the dungeon, and saw 4 of its levels.

You collected 152 gold pieces.

Inventory:

Hand Weapons
 a - a +4 dagger of flaming (weapon)
 b - a +0 sling
 h - a +0 club
 m - a +0 dagger
 o - a +0 spear
Missiles
 q - 2 poisoned darts (quivered)
Armour
 c - a +0 robe (worn)
 d - a +0 pair of boots (worn)
 x - a +0 leather armour
Jewellery
 i - a ring of protection from cold (left hand)
 r - a ring of flight
Scrolls
 f - a scroll of enchant weapon
 g - a scroll of immolation {unknown}
 j - a scroll of fear {unknown}
 l - 2 scrolls of enchant armour {unknown}
 n - 2 scrolls of butterflies
 p - a scroll of silence
 s - a scroll of teleportation {unknown}
 t - 2 scrolls of magic mapping {unknown}
 u - a scroll of poison {unknown}
 v - a scroll of amnesia {unknown}


   Skills:
 + Level 2.6 Fighting
 + Level 1.3 Armour
 - Level 1.0 Stealth
 + Level 3.8 Spellcasting
 + Level 4.7 Hexes
 + Level 1.7 Transmutations
 + Level 2.7 Poison Magic


You had 11 spell levels left.
You knew the following spells:

 Your Spells              Type           Power      Damage    Failure   Level
a - Sting                 Tmut/Pois      40%        1d5       7%          1

Your spell library contained the following spells:

 Spells                   Type           Power      Damage    Failure   Level
 Slow                     Hex            72%        N/A       2%          1
 Beastly Appendage        Tmut           16%        N/A       9%          1
 Wereblood                Tmut           8%         N/A       12%         2
 Spider Form              Tmut/Pois      10%        N/A       21%         3
 Cause Fear               Hex            9%         N/A       24%         4
 Mephitic Cloud           Conj/Pois/Air  6%         N/A       34%         3
 Anguish                  Hex/Necr       5%         N/A       54%         4


Dungeon Overview and Level Annotations

Branches:
Dungeon (4/15)
 Temple: D:4-7

Altars:

Shops:
D:1 (

Annotations:
D:4 Eustachio, Ijyb, Pikel


Message History

Confirm with . or Enter, or press ? or * to list all spells.
Aiming: Sting (safe; 7% risk of failure)
Press: ? - help, Shift-Dir - straight line, f - orc
Aim: an orc, wielding a +0 club and wearing a +0 leather armour (heavily wounded, 71% to hit)
The sting hits the orc.
The orc is poisoned.
The orc is heavily wounded.
The orc hits you with a +0 club.
* * * LOW HITPOINT WARNING * * *
Casting: Sting (safe; 7% risk of failure)
Confirm with . or Enter, or press ? or * to list all spells.
Aiming: Sting (safe; 7% risk of failure)
Press: ? - help, Shift-Dir - straight line, f/p - orc
Aim: an orc, wielding a +0 club and wearing a +0 leather armour (almost dead, poisoned, 71% to hit)
The sting hits the orc.
The orc looks even sicker.
You kill the orc!
The lemure attacks as you move away! The lemure hits you.
* * * LOW HITPOINT WARNING * * *
Casting: Sting (safe; 7% risk of failure)
Confirm with . or Enter, or press ? or * to list all spells.
Aiming: Sting (safe; 7% risk of failure)
Press: ? - help, Shift-Dir - straight line, f - lemure
Aim: a lemure (64% to hit)
The sting hits the lemure.
The lemure is poisoned.
The lemure is lightly wounded.
The lemure hits you!
* * * LOW HITPOINT WARNING * * *
You feel better. The lemure barely misses you.
It was a potion of flight.
You feel very buoyant.
You fly up into the air.
The lemure completely misses you. The lemure attacks as you move away!
The lemure hits you.
* * * LOW HITPOINT WARNING * * *
The lemure looks more healthy.
An adder comes into view.
The adder bites you.
* * * LOW HITPOINT WARNING * * *
The adder bites you but does no damage. The adder bites you.
* * * LOW HITPOINT WARNING * * *
The lemure attacks as you move away! The lemure hits you.
You die...

#........#.#####...#
#.########.......#.# #.#
#########.# #.##########
#####.### #)##.......#
#.......#
#>##.......###.......#
##.##.................#
####..##5....##≈~.......<#
#.......S@.###≈≈##~.....†#
#.##.##....≈≈≈≈#≈≈#......#
#.##.##?..##≈≈≈≈≈≈##.....#
#....##.#.# ≈#≈≈≈ ≈~..####
#..####.#.# ≈ ≈≈≈≈#..
########.........# ≈
#≈##.. .......##.#####...#
≈≈ .. .#####.##)# #..# .#
#.##.#####.....


You could see a lemure and an adder.

Vanquished Creatures
  A lemure (D:4)
  A scorpion (D:3)
  An orc wizard (D:3)
  3 gnolls (D:3)
  5 adders
  A shadow imp (D:3)
  A worm (D:2)
  A dart slug (D:2)
  4 orcs
  8 ball pythons
  6 bats
  4 endoplasms
  10 giant cockroaches (D:2)
  7 goblins
  6 hobgoblins
  11 jackals
  5 kobolds
  A quokka (D:4)
  A frilled lizard (D:1)
  4 rats
81 creatures vanquished.

Vanquished Creatures (others)
  4 plants (D:2)
4 creatures vanquished.

Grand Total: 85 creatures vanquished

Notes
Turn   | Place    | Note
-------+----------+-------------------------------------------
     0 | D:1      | Lobster4 the Human Wanderer began the quest for the Orb.
     0 | D:1      | Lobster4 set off with the following items: a +0 dagger, a
                  | scroll of silence, a +0 robe, a +0 pair of boots; and the
                  | following spells available to memorise: Slow, Sting, Cause
                  | Fear, Mephitic Cloud, Anguish.
     0 | D:1      | Reached XP level 1. HP: 15/15 MP: 4/4
    37 | D:1      | Found Qywef's Antique Weapon Boutique.
   252 | D:1      | Reached XP level 2. HP: 20/21 MP: 6/6
   444 | D:1      | Noticed a great orb of eyes
   447 | D:1      | Found a faded altar of an unknown god.
   448 | D:1      | Noticed a shining eye
   448 | D:1      | Noticed a floating eye
   448 | D:1      | Noticed a great orb of eyes
   503 | D:1      | Reached XP level 3. HP: 24/26 MP: 7/7
  1006 | D:2      | Reached XP level 4. HP: 21/33 MP: 9/9
  1008 | D:2      | Learned a level 1 spell: Sting
  2079 | D:3      | Reached XP level 5. HP: 27/38 MP: 10/10
  2084 | D:3      | HP: 1/38 [gnoll/+0 flail (11)]
  2086 | D:3      | Reached skill level 1 in Transmutations
  2356 | D:3      | Reached skill level 1 in Armour
  2356 | D:3      | Reached XP level 6. HP: 46/46 MP: 11/11
  3122 | D:4      | Noticed Ijyb
  3406 | D:4      | Noticed Eustachio
  3545 | D:4      | Noticed Pikel
  3580 | D:4      | HP: 2/46 [lemure[Pikel] (7)]
  3592 | D:4      | Slain by a lemure

Illustrated notes

Levels and vault maps discovered:
D:1:      evilmike_arrival_crescent, layout_rooms,
          hellmonk_ecumenical_altar_watching_god, serial_shops,
          nicolae_shop_crystal, roderic_filled_cross
D:2:      minmay_roachtagon, layout_loops_ring, serial_forest,
          infiniplex_forest_straight_4, infiniplex_forest_zigzag_1,
          infiniplex_forest_corner_1, infiniplex_forest_clump_long,
          infiniplex_forest_lined_3, infiniplex_forest_clump_tiny,
          infiniplex_forest_clump_medium, infiniplex_forest_lined_room_3,
          hangedman_glass_teeth, chequers_serial_rivers_marsh
D:3:      layout_loops_ring, minmay_surrounded
D:4:      layout_loops_cross, minitemple, moated_statue, minivault_4,
          kennysheep_generic_room_12, uniq_robin, uniq_ijyb, uniq_pikel,
          uniq_eustachio

Skill      XL: |  1  2  3  4  5 |
---------------+----------------+-----
Poison Magic   | 2 |  2.7
Fighting       | 2 |  2.6
Transmutations | 1 |  1.7
Armour         | 1 |  1.3
Stealth        | |  1.0
Spellcasting   | |  3.8
Hexes          | |  4.7

Action                   |  1- 3 |  4- 6 || total
-------------------------+-------+-------++-------
Melee: Dagger            |    86 |   166 ||   252
       Club              |    20 |       ||    20
       Punch             |       |     1 ||     1
 Fire: Sling             |       |     6 ||     6
Throw: Dart              |     2 |     4 ||     6
 Cast: Sting             |       |     9 ||     9
  Use: Scroll            |       |     5 ||     5
       Potion            |       |     3 ||     3
 Stab: Sleeping          |       |     2 ||     2
Armor: Robe              |    27 |    35 ||    62
       Skin              |       |    22 ||    22
Dodge: Dodged            |    51 |    96 ||   147

Table legend: (Time is in decaauts)
 A = Elapsed time spent in this place.
 B = Non-inter-level travel time spent in this place.
 C = Inter-level travel time spent in this place.
 D = Time resting spent in this place.
 E = Time spent auto-exploring this place.
 F = Levels seen in this place.
 G = Mean time per level.
                   A        B        C        D        E       F      G
               +--------+--------+--------+--------+--------+-----+--------+
         Total |   3611 |   3344 |    267 |    488 |   2035 |   4 |  902.8 |
       Dungeon |   3611 |   3344 |    267 |    488 |   2035 |   4 |  902.8 |
               +--------+--------+--------+--------+--------+-----+--------+

Top non-repeatable levels by time:
     D:2: 1391 daAuts
     D:3: 1158 daAuts
     D:1: 804 daAuts
     D:4: 257 daAuts
